NCAA
MISSISSIPPI STATE BULLDOGS @ TEXAS LONGHORNS
04/19/2026
 
TOP OF THE 1ST
Mississippi State Bulldogs batting - Pitching for Texas Longhorns : RHP Thomas O'Connor
Pitching: RHP Thomas O'Connor
Batting: RHB Josh Randall 0-0: Ball
1-0: Ball
2-0: Ground out 4-3 (Groundball, 34)
Batting: RHB Jeremy Davis 0-0: Called Strike
0-1: Swinging Strike
0-2: Ball
1-2: Strikes out swinging
Batting: RHB Eric Thompson 0-0: Ball
1-0: Ground out 1-3 (Groundball, 25)
Top of the 1st over - 0 run(s), 0 hit(s), 0 error(s), 0 left on base; Mississippi State 0 - Texas 0
BOTTOM OF THE 1ST
Texas Longhorns batting - Pitching for Mississippi State Bulldogs : RHP Miguel Ramírez
Pitching: RHP Miguel Ramírez
Batting: SHB Randy Anderson 0-0: Called Strike
0-1: Ball
1-1: Ball
2-1: Ball
3-1: Base on Balls
Batting: RHB Joe Maynard 0-0: Ball
1-0: Foul Ball, location: 2F
1-1: Foul Ball, location: 2F
1-2: Strikes out swinging
Batting: RHB Eugene Salazar 0-0: Ball
1-0: Foul Ball, location: 2F
1-1: DOUBLE (Line Drive, 3D)
Randy Anderson to third
Batting: RHB Joe Rogers 0-0: Called Strike
0-1: Ball
1-1: Ball
2-1: Ball
3-1: Foul Ball, location: 2F
3-2: Strikes out swinging
Batting: SHB Ángel González 0-0: Called Strike
0-1: Ball
1-1: Foul Ball, location: 2F
1-2: Foul Ball, location: 2F
1-2: Foul Ball, location: 2F
1-2: Fly out, F9 (Flyball, 89XD)
Bottom of the 1st over - 0 run(s), 1 hit(s), 0 error(s), 2 left on base; Mississippi State 0 - Texas 0
TOP OF THE 2ND
Mississippi State Bulldogs batting - Pitching for Texas Longhorns : RHP Thomas O'Connor
Batting: RHB Larry Beauregard 0-0: Ball
1-0: SINGLE (Line Drive, 34D)
Batting: LHB Lúcio Gómez 0-0: Called Strike
0-1: Ball
1-1: Swinging Strike
Pickoff Throw by Catcher to First - Error! E2
Larry Beauregard to second
1-2: Ball
2-2: Foul Ball, location: 2F
2-2: Ball
3-2: Base on Balls
Batting: RHB Woody Wright 0-0: Swinging Strike
0-1: SINGLE (Flyball, 89S)
Larry Beauregard to third
Lúcio Gómez to second
Batting: LHB Darren Cook 0-0: Fly out, F8 (Flyball, 8RM)
Runner from 3rd tags up, SCORES, throw made
Batting: LHB Pat Williams 0-0: Called Strike
0-1: Fielders Choice at 2nd, 4-6 (Groundball, 34)
Lúcio Gómez to third
Batting: LHB Marvin Nichols 0-0: Swinging Strike
0-1: Swinging Strike
0-2: Foul Ball, location: 2F
0-2: Strikes out swinging
Top of the 2nd over - 1 run(s), 2 hit(s), 1 error(s), 2 left on base; Mississippi State 1 - Texas 0
BOTTOM OF THE 2ND
Texas Longhorns batting - Pitching for Mississippi State Bulldogs : RHP Miguel Ramírez
Batting: RHB Edmond Magee 0-0: SINGLE (Line Drive, 34D)
Batting: LHB Arlen Powers 0-0: Foul Ball, location: 2F
0-1: Swinging Strike
0-2: Ball
1-2: Strikes out swinging
Batting: RHB Roberto Hernández 0-0: Ball
1-0: Ball
2-0: Fly out, F6 (Popup, 6D)
Batting: RHB Jerome Cuevas 0-0: Ball
1-0: Ground out 1-3 (Groundball, 13)
Bottom of the 2nd over - 0 run(s), 1 hit(s), 0 error(s), 1 left on base; Mississippi State 1 - Texas 0
TOP OF THE 3RD
Mississippi State Bulldogs batting - Pitching for Texas Longhorns : RHP Thomas O'Connor
Batting: RHB Josh Randall 0-0: Called Strike
0-1: Ball
1-1: Ball
2-1: Ball
3-1: Foul Ball, location: 2F
3-2: Base on Balls
Batting: RHB Jeremy Davis 0-0: Ball
1-0: Called Strike
1-1: Called Strike
1-2: Fielders Choice at 2nd, 3-6 (Groundball, 3)
Batting: RHB Eric Thompson 0-0: Fielders Choice at 2nd, 5-4 (Groundball, 5L)
Batting: RHB Larry Beauregard 0-0: Called Strike
0-1: Ball
1-1: Foul Ball, location: 2F
1-2: Strikes out swinging
Top of the 3rd over - 0 run(s), 0 hit(s), 0 error(s), 1 left on base; Mississippi State 1 - Texas 0
BOTTOM OF THE 3RD
Texas Longhorns batting - Pitching for Mississippi State Bulldogs : RHP Miguel Ramírez
Batting: SHB Randy Anderson 0-0: Ball
1-0: Ball
2-0: Called Strike
2-1: Fly out, F4 (Line Drive, 4)
Batting: RHB Joe Maynard 0-0: Called Strike
0-1: Foul Ball, location: 2F
0-2: Fly out, F8 (Flyball, 8RM)
Batting: RHB Eugene Salazar 0-0: Foul Ball, location: 2F
0-1: Ball
1-1: Ball
2-1: Ball
3-1: Fly out, F7 (Flyball, 7M)
Bottom of the 3rd over - 0 run(s), 0 hit(s), 0 error(s), 0 left on base; Mississippi State 1 - Texas 0
TOP OF THE 4TH
Mississippi State Bulldogs batting - Pitching for Texas Longhorns : RHP Thomas O'Connor
Batting: LHB Lúcio Gómez 0-0: Called Strike
0-1: Hit by Pitch
Batting: RHB Woody Wright 0-0: Called Strike
0-1: Ball
1-1: Ball
Passed Ball!
Lúcio Gómez to second
2-1: Called Strike
2-2: Strikes out swinging
Batting: LHB Darren Cook 0-0: Ball
1-0: Swinging Strike
1-1: Swinging Strike
1-2: Strikes out swinging
Batting: LHB Pat Williams 0-0: Called Strike
0-1: SINGLE (Groundball, 34D)
Lúcio Gómez to third
Runner from 3rd tries for Home, SAFE, no throw or cutoff
Batting: LHB Marvin Nichols 0-0: Ball
1-0: Ball
2-0: Ball
3-0: Base on Balls
Pat Williams to second
Batting: RHB Josh Randall 0-0: Fly out, F4 (Popup, 4S)
Top of the 4th over - 1 run(s), 1 hit(s), 0 error(s), 2 left on base; Mississippi State 2 - Texas 0
BOTTOM OF THE 4TH
Texas Longhorns batting - Pitching for Mississippi State Bulldogs : RHP Miguel Ramírez
Batting: RHB Joe Rogers 0-0: Foul Ball, location: 2F
0-1: Ball
1-1: Ball
2-1: Foul Ball, location: 2F
2-2: Foul Ball, location: 2F
2-2: Ball
3-2: Strikes out swinging
Batting: SHB Ángel González 0-0: Ball
1-0: Foul Ball, location: 2F
1-1: Ball
2-1: Foul Ball, location: 2F
2-2: Ball
3-2: Base on Balls
Batting: RHB Edmond Magee 0-0: Ball
1-0: Swinging Strike
1-1: Foul Ball, location: 2F
1-2: Ball
2-2: Ball
3-2: Strikes out swinging
Batting: LHB Arlen Powers 0-0: Called Strike
0-1: Ball
1-1: Foul Ball, location: 2F
1-2: Ball
2-2: Ball
3-2: Foul Ball, location: 2F
3-2: Strikes out swinging
Bottom of the 4th over - 0 run(s), 0 hit(s), 0 error(s), 1 left on base; Mississippi State 2 - Texas 0
TOP OF THE 5TH
Mississippi State Bulldogs batting - Pitching for Texas Longhorns : RHP Thomas O'Connor
Batting: RHB Jeremy Davis 0-0: Called Strike
0-1: SINGLE (Line Drive, 4MD)
Batting: RHB Eric Thompson 0-0: Ball
1-0: DOUBLE (Groundball, 5L)
Jeremy Davis to third
Batting: RHB Larry Beauregard 0-0: Called Strike
0-1: Ball
1-1: Foul Ball, location: 2F
1-2: Strikes out looking
Batting: LHB Lúcio Gómez 0-0: Foul Ball, location: 2F
0-1: Called Strike
0-2: Ball
1-2: Foul Ball, location: 2F
1-2: Ball
2-2: Foul Ball, location: 2F
2-2: Strikes out looking
Batting: RHB Woody Wright 0-0: Ball
1-0: Swinging Strike
1-1: Foul Ball, location: 2F
1-2: Ball
2-2: Strikes out swinging
Top of the 5th over - 0 run(s), 2 hit(s), 0 error(s), 2 left on base; Mississippi State 2 - Texas 0
BOTTOM OF THE 5TH
Texas Longhorns batting - Pitching for Mississippi State Bulldogs : RHP Miguel Ramírez
Batting: RHB Roberto Hernández 0-0: Ball
1-0: Swinging Strike
1-1: Ground out 5-3 (Groundball, 5)
Batting: RHB Jerome Cuevas 0-0: Swinging Strike
0-1: Swinging Strike
0-2: Strikes out looking
Batting: SHB Randy Anderson 0-0: Ball
1-0: Called Strike
1-1: Ground out 4-3 (Groundball, 4S)
Bottom of the 5th over - 0 run(s), 0 hit(s), 0 error(s), 0 left on base; Mississippi State 2 - Texas 0
TOP OF THE 6TH
Mississippi State Bulldogs batting - Pitching for Texas Longhorns : RHP Thomas O'Connor
Pitching: LHP John Case
Batting: LHB Darren Cook 0-0: Fly out, F7 (Popup, 56D)
Batting: LHB Pat Williams 0-0: Ball
1-0: Called Strike
1-1: Foul Ball, location: 2F
1-2: Strikes out swinging
Batting: LHB Marvin Nichols 0-0: Ball
1-0: Called Strike
1-1: Ball
2-1: Foul Ball, location: 2F
2-2: Strikes out swinging
Top of the 6th over - 0 run(s), 0 hit(s), 0 error(s), 0 left on base; Mississippi State 2 - Texas 0
BOTTOM OF THE 6TH
Texas Longhorns batting - Pitching for Mississippi State Bulldogs : RHP Miguel Ramírez
Pitching: RHP Brian Harvey
Batting: RHB Joe Maynard 0-0: Ball
1-0: Ball
2-0: Ball
3-0: Called Strike
3-1: Ground out 5-3 (Groundball, 56S)
Batting: RHB Eugene Salazar 0-0: Swinging Strike
0-1: Ball
1-1: Ball
2-1: Called Strike
2-2: Foul Ball, location: 2F
2-2: SINGLE (Groundball, 56D)
Batting: RHB Joe Rogers 0-0: Called Strike
0-1: Ball
1-1: DOUBLE (Line Drive, 7LM)
Eugene Salazar to third
Batting: SHB Ángel González 0-0: Ball
1-0: SINGLE (Groundball, 6M)
Eugene Salazar scores
Joe Rogers to third
Batting: RHB Edmond Magee 0-0: Called Strike
0-1: Fielders Choice at 2nd, 6-4 (Groundball, 6M)
Joe Rogers scores
Batting: LHB Arlen Powers 0-0: Ball
1-0: SINGLE (Groundball, 3L)
Edmond Magee to second
Runner from 2nd tries for 3rd, SAFE, throw made to third
Arlen Powers to second
Batting: RHB Roberto Hernández 0-0: Ball
1-0: Called Strike
1-1: Foul Ball, location: 2F
1-2: Ball
2-2: Strikes out swinging
Bottom of the 6th over - 2 run(s), 4 hit(s), 0 error(s), 2 left on base; Mississippi State 2 - Texas 2
TOP OF THE 7TH
Mississippi State Bulldogs batting - Pitching for Texas Longhorns : LHP John Case
Batting: RHB Josh Randall 0-0: Ball
1-0: Ball
2-0: Ball
3-0: Called Strike
3-1: Foul Ball, location: 2F
3-2: Foul Ball, location: 2F
3-2: Foul Ball, location: 2F
3-2: Strikes out swinging
Batting: RHB Jeremy Davis 0-0: Foul Ball, location: 2F
0-1: Ball
1-1: Ball
2-1: Ball
3-1: Called Strike
3-2: Foul Ball, location: 2F
3-2: Base on Balls
Batting: RHB Eric Thompson 0-0: SINGLE (Flyball, 78S)
Jeremy Davis to second
Batting: RHB Larry Beauregard 0-0: Called Strike
0-1: Ball
1-1: Called Strike
1-2: Strikes out looking
Batting: LHB Lúcio Gómez 0-0: Ground out 1-3 (Groundball, 15S)
Top of the 7th over - 0 run(s), 1 hit(s), 0 error(s), 2 left on base; Mississippi State 2 - Texas 2
BOTTOM OF THE 7TH
Texas Longhorns batting - Pitching for Mississippi State Bulldogs : RHP Brian Harvey
Batting: RHB Jerome Cuevas 0-0: Ball
1-0: Called Strike
1-1: SOLO HOME RUN (Flyball, 78XD), Distance : 390 ft
Pitching: RHP Rick Schneider
Batting: SHB Randy Anderson 0-0: Ball
1-0: Ball
2-0: Called Strike
2-1: DOUBLE (Flyball, 8RM)
Batting: RHB Joe Maynard 0-0: Ball
1-0: Ground out 1-3 (Groundball, 13S)
Randy Anderson to third
Batting: RHB Eugene Salazar 0-0: Called Strike
0-1: Ball
1-1: Ball
2-1: Fly out, F2 (Popup, 2LF)
Batting: RHB Joe Rogers 0-0: Ball
1-0: Fly out, F5 (Line Drive, 5S)
Bottom of the 7th over - 1 run(s), 2 hit(s), 0 error(s), 1 left on base; Mississippi State 2 - Texas 3
TOP OF THE 8TH
Mississippi State Bulldogs batting - Pitching for Texas Longhorns : LHP John Case
Pitching: RHP Jack Thorpe
Now at C: José Wills
Now at 1B: John Burton
Now at 3B: Dave Tucker
Batting: RHB Woody Wright 0-0: Called Strike
0-1: Swinging Strike
0-2: Strikes out swinging
Pitching: LHP Tim Watkins
Batting: LHB Darren Cook 0-0: Ball
1-0: Ball
2-0: Called Strike
2-1: Foul Ball, location: 2F
2-2: Strikes out swinging
Batting: LHB Pat Williams 0-0: Ball
1-0: Ball
2-0: Foul Ball, location: 2F
2-1: Foul Ball, location: 2F
2-2: Ball
3-2: DOUBLE (Line Drive, 7LS)
Batting: LHB Marvin Nichols 0-0: Foul Ball, location: 2F
0-1: Ball
1-1: Ball
2-1: Foul Ball, location: 2F
2-2: Ball
3-2: Base on Balls
Pitching: RHP Shane Thompson
Batting: RHB Josh Randall 0-0: Called Strike
0-1: Foul Ball, location: 2F
0-2: Ball
1-2: Ball
2-2: Strikes out looking
Top of the 8th over - 0 run(s), 1 hit(s), 0 error(s), 2 left on base; Mississippi State 2 - Texas 3
BOTTOM OF THE 8TH
Texas Longhorns batting - Pitching for Mississippi State Bulldogs : RHP Rick Schneider
Batting: SHB Ángel González 0-0: SOLO HOME RUN (Flyball, 9LD), Distance : 335 ft
Batting: RHB Edmond Magee 0-0: Called Strike
0-1: Fly out, F2 (Popup, 23F)
Batting: LHB Arlen Powers 0-0: Ball
1-0: Ball
2-0: SINGLE (Groundball, 4MD)
Batting: RHB Roberto Hernández 0-0: Called Strike
0-1: Grounds into double play, 6-4-3 (Groundball, 6M)
Bottom of the 8th over - 1 run(s), 2 hit(s), 0 error(s), 0 left on base; Mississippi State 2 - Texas 4
TOP OF THE 9TH
Mississippi State Bulldogs batting - Pitching for Texas Longhorns : RHP Shane Thompson
Pitching: RHP Sherwood Bailey
Batting: RHB Jeremy Davis 0-0: Ball
1-0: Ball
2-0: Ball
3-0: Base on Balls
Batting: RHB Eric Thompson 0-0: Ball
1-0: Ball
2-0: Ball
3-0: Called Strike
3-1: SINGLE (Flyball, 89S)
Jeremy Davis to second
Runner from 2nd tries for 3rd, OUT!
Eric Thompson to second
Batting: RHB Larry Beauregard 0-0: Foul Ball, location: 2F
0-1: Ball
1-1: Foul Ball, location: 2F
1-2: Foul Ball, location: 2F
1-2: Ball
2-2: Foul Ball, location: 2F
2-2: Foul Ball, location: 2F
2-2: Ball
3-2: Base on Balls
Batting: LHB Lúcio Gómez 0-0: Grounds out, U3 (Groundball, 3L)
Eric Thompson to third
Batting: RHB Woody Wright 0-0: Ball
1-0: Ball
2-0: Ball
3-0: Called Strike
3-1: Base on Balls
Batting: LHB Darren Cook 0-0: DOUBLE (Flyball, 89M)
Eric Thompson scores
Larry Beauregard scores
Woody Wright to third
Batting: LHB Pat Williams 0-0: Called Strike
0-1: Called Strike
0-2: Ball
1-2: Ball
2-2: Fly out, F5 (Popup, 5F)
Top of the 9th over - 2 run(s), 2 hit(s), 0 error(s), 2 left on base; Mississippi State 4 - Texas 4
BOTTOM OF THE 9TH
Texas Longhorns batting - Pitching for Mississippi State Bulldogs : RHP Rick Schneider
Batting: RHB Jerome Cuevas 0-0: Ball
1-0: Ball
2-0: Called Strike
2-1: Ball
3-1: Base on Balls
Batting: RHB John Burton 0-0: Sac Bunt - play at first, batter OUT! 3-4
Jerome Cuevas to second
Batting: LHB Dave Tucker 0-0: Intentional Walk
Batting: RHB José Wills 0-0: Ball
1-0: Ball
2-0: Ball
3-0: Base on Balls
Jerome Cuevas to third
Dave Tucker to second
Batting: RHB Joe Rogers 0-0: Ball
1-0: Ball
2-0: Called Strike
2-1: Foul Ball, location: 2F
2-2: Foul Ball, location: 2F
2-2: Ball
3-2: Foul Ball, location: 2F
3-2: Foul Ball, location: 2F
3-2: Base on Balls
Jerome Cuevas scores
Dave Tucker to third
José Wills to second
Monday, December 5th, 2016 - OOTP Baseball 17.12 Build 75